 Dungeon Crawl Stone Soup version 0.27.1-3-gb3d3a73c9e (webtiles) character file.

Game seed: 6739302200590478586

7 Descartes the Vexing (level 1, 0/10 HPs)
             Began as a Deep Elf Wanderer on Oct 12, 2021.
             Slain by a bullfrog skeleton (5 damage)
             ... on level 2 of the Dungeon.
             The game lasted 00:01:19 (833 turns).

Descartes the Vexing (Deep Elf Wanderer)             Turns: 833, Time: 00:01:19

Health: 0/10       AC:  2    Str: 10    XL:     1   Next: 91%
Magic:  4/7        EV: 11    Int: 15    God:
Gold:   64         SH:  0    Dex: 14    Spells: 7/8 levels left

rFire    . . .     SeeInvis .   a - +0 dagger
rCold    . . .     Faith    .   (no shield)
rNeg     . . .     Spirit   .   b - +0 robe
rPois    .         Reflect  .   (no helmet)
rElec    .         Harm     .   (no cloak)
rCorr    .         Rampage  .   (no gloves)
Will     .....                  (no boots)
Stlth    +.........             (no amulet)
HPRegen  0.03/turn              (no ring)
MPRegen  0.10/turn              (no ring)

@: very slightly contaminated
A: no striking features
a: no special abilities


You were on level 2 of the Dungeon.
You visited 1 branch of the dungeon, and saw 2 of its levels.

You collected 64 gold pieces.

Inventory:

Hand Weapons
 a - a +0 dagger (weapon)
Missiles
 d - 38 stones (quivered)
Armour
 b - a +0 robe (worn)
Scrolls
 c - 2 scrolls of teleportation
 e - a scroll of fear {unknown}
 f - 2 scrolls of identify {unknown}
 g - a scroll of acquirement {unknown}
Potions
 h - a potion of curing {unknown}


   Skills:
 - Level 4.4 Spellcasting
 + Level 1.1 Conjurations
 - Level 5.3 Hexes
 - Level 1.1 Translocations
 + Level 1.1 Fire Magic
 - Level 2.1 Evocations


You had 7 spell levels left.
You knew the following spells:

 Your Spells              Type           Power      Damage    Failure   Level
a - Foxfire               Conj/Fire      24%        2x1d5     11%         1

Your spell library contained the following spells:

 Spells                   Type           Power      Damage    Failure   Level
 Corona                   Hex            21%        N/A       1%          1
 Confusing Touch          Hex            19%        N/A       6%          3
 Tukima's Dance           Hex            19%        N/A       6%          3
 Ensorcelled Hibernation  Hex/Ice        22%        N/A       9%          2
 Dazzling Flash           Conj/Hex       24%        N/A       14%         3
 Conjure Flame            Conj/Fire      6%         6-21      32%         3


Dungeon Overview and Level Annotations

Branches:
Dungeon (2/15)

Altars:

Annotations:
D:2 1 runed translucent door, Crazy Yiuf


Message History

Casting: Foxfire (safe; 11% risk of failure)
Confirm with . or Enter, or press ? or * to list all spells.
There is not enough space to conjure foxfire!
The foxfire hits the bullfrog skeleton.
The bullfrog skeleton is moderately damaged.
Casting: Foxfire (safe; 11% risk of failure)
Confirm with . or Enter, or press ? or * to list all spells.
You conjure some foxfire!
The foxfire hits the bullfrog skeleton.
The bullfrog skeleton is heavily damaged.
Unknown command.
Casting: Foxfire (safe; 11% risk of failure)
Confirm with . or Enter, or press ? or * to list all spells.
There is not enough space to conjure foxfire!
You hit the bullfrog skeleton.
The bullfrog skeleton is heavily damaged.
The bullfrog skeleton closely misses you.
You hit the bullfrog skeleton.
The bullfrog skeleton is severely damaged.
The bullfrog skeleton barely misses you.
You hit the bullfrog skeleton.
The bullfrog skeleton is severely damaged.
The bullfrog skeleton hits you but does no damage.
The bullfrog skeleton closely misses you.
Casting: Foxfire (safe; 11% risk of failure)
Confirm with . or Enter, or press ? or * to list all spells.
You conjure some foxfire!
The bullfrog skeleton hits you.
The bullfrog skeleton barely misses you.
The foxfire hits the bullfrog skeleton.
The bullfrog skeleton is almost destroyed.
The bullfrog skeleton hits you.
Casting: Foxfire (safe; 11% risk of failure)
Confirm with . or Enter, or press ? or * to list all spells.
You miscast Foxfire.
You are very lightly contaminated with residual magic.
Nothing appears to happen.
The bullfrog skeleton hits you but does no damage.
The bullfrog skeleton barely misses you.
The bullfrog skeleton hits you.
Ouch! That really hurt!
You die...

#..#########
.........Z@#
##.#
##.#######.#
##.# #.#
##.### #.#
..... #.#
##.. #.#
##.# #.#
##.# #.#
...## .# #.#


You could see a bullfrog skeleton.

Vanquished Creatures
  A bat (D:1)
  An endoplasm (D:1)
  A goblin (D:2)
  A ball python (D:2)
  A frilled lizard (D:1)
  A kobold (D:2)
  2 rats (D:1)
8 creatures vanquished.

Vanquished Creatures (others)
  26 foxfires
26 creatures vanquished.

Grand Total: 34 creatures vanquished

Notes
Turn   | Place    | Note
-------+----------+-------------------------------------------
     0 | D:1      | Descartes the Deep Elf Wanderer began the quest for the
                  | Orb.
     0 | D:1      | Descartes set off with the following items: a +0 dagger, a
                  | +0 robe, a scroll of teleportation; and the following
                  | spells available to memorise: Corona, Confusing Touch,
                  | Tukima's Dance, Ensorcelled Hibernation, Foxfire, Dazzling
                  | Flash, Conjure Flame
     0 | D:1      | Reached XP level 1. HP: 10/10 MP: 7/7
     2 | D:1      | Learned a level 1 spell: Foxfire
   496 | D:1      | You fall into a shaft and drop 1 floor!
   501 | D:2      | Reached skill level 1 in Conjurations
   501 | D:2      | Reached skill level 1 in Fire Magic
   576 | D:2      | Found a faded altar of an unknown god.
   747 | D:2      | Found a runed translucent door.
   748 | D:2      | Noticed Crazy Yiuf
   833 | D:2      | Slain by a bullfrog skeleton

Illustrated notes

Levels and vault maps discovered:
D:1:      lightli_arrival_windingriver, layout_basic, minmay_pentomino_x4
D:2:      layout_loops_ring, basic_ecumenical_altar, uniq_crazy_yiuf_cottage

Skill      XL: |  1 |
---------------+----+-----
Conjurations   | 1 |  1.1
Fire Magic     | 1 |  1.1
Spellcasting   | |  4.4
Hexes          | |  5.3
Translocations | |  1.1
Evocations     | |  2.1

Action                   || total
-------------------------++-------
Melee: Dagger            ||     3
 Cast: Foxfire           ||    18
Armor: Robe              ||     2
Dodge: Dodged            ||    10
